 Dungeon Crawl Stone Soup version 0.27-a0-1219-g958d993ae5 (webtiles) character file.

Game seed: 14239550499925233240

782587 miscthings the Sorcerer (level 27, -2/211 HPs)
             Began as a Djinni Conjurer on June 7, 2021.
             Was the Champion of Makhleb.
             Killed by dispel undead
             ... invoked by Gloorx Vloq
              (50 damage)
             ... in Pandemonium.
             The game lasted 02:05:46 (42333 turns).

miscthings the Sorcerer (Djinni Conjurer)          Turns: 42333, Time: 02:05:46

Health: -2/211     AC: 23    Str: 20    XL:     27
Gold:   3976       EV: 24    Int: 37    God:    Makhleb [******] SH: 29 Dex: 17

rFire    + + .     SeeInvis +   N - staff of earth
rCold    + + .     Faith    .   F - +8 tower shield {rC+}
rNeg     + + +     Spirit   .   A - +2 robe of Vines {NoPotionHeal Regen+++}
rPois    ∞         Reflect  .   R - +2 hat {Will+}
rElec    +         Harm     .   X - +2 cloak {Will+}
rCorr    .         Rampage  .   L - +2 pair of gloves {Dex+3}
Will     +++++                  (boots unavailable)
Stlth    ++........             W - amulet of Egalitarianism {Drain Regen+ Str+8 SInv}
HPRegen  4.45/turn              o - +4 ring of protection
MPRegen  0.00/turn              Q - ring of Pairub {rC+ Str+6 Int+2 Slay+3}

@: lich-form, in a tornado, flying, very slightly contaminated, hasted, studying
2 skills, very quick
A: draining attack, torment immunity, flying, no potions, sickness immunity,
fire resistance 2, cold vulnerability 1, float, innate caster, hp casting, extra
vitality 1, clever 2, electricity resistance
}: 7/15 runes: decaying, serpentine, slimy, silver, golden, abyssal, glowing
a: End Transformation, Renounce Religion, Minor Destruction, Lesser Servant of
Makhleb, Major Destruction, Greater Servant of Makhleb


You were in Pandemonium.
You worshipped Makhleb.
Makhleb was exalted by your worship.
You were an undead lich.
You visited 12 branches of the dungeon, and saw 56 of its levels.
You visited Pandemonium 1 time, and saw 10 of its levels.
You visited the Abyss 1 time.
You visited 1 bazaar.
You also visited: Volcano.

You collected 7907 gold pieces.
You spent 3931 gold pieces at shops.

Inventory:

Hand Weapons
 m - the +5 falchion "Wimutah" {vorpal, Int+6 Dex+4}
   (You found it on level 5 of the Pits of Slime)

   It inflicts extra damage upon your enemies.
   It affects your intelligence (+6).
   It affects your dexterity (+4).
Missiles
 k - 4 throwing nets
Armour
 t - the +3 hat of Pondering {ponderous, Will+ MP+10 Int+5}
   (You acquired it on level 2 of the Snake Pit)

   It affects your intelligence (+5).
   It affects your magic capacity (+10).
   It increases your willpower.
 A - the +2 robe of Vines (worn) {NoPotionHeal Regen+++}
   (You bought it in a shop on level 3 of the Snake Pit)

   It increases your rate of health regeneration.
 F - a +8 tower shield of cold resistance (worn)
 L - a +2 pair of gloves of dexterity (worn)
 O - a +2 robe of resistance
 R - a +2 hat of willpower (worn)
 X - a +2 cloak of willpower (worn)
 Y - the +3 buckler "Tow Bett" {rC+ Int+4}
   (You acquired it on level 3 of the Vaults)

   It affects your intelligence (+4).
   It protects you from cold.
Magical Staves
 B - a staff of conjuration
 N - a staff of earth (weapon)
Jewellery
 o - a +4 ring of protection (left hand)
 M - an amulet of reflection
 Q - the ring of Pairub (right hand) {rC+ Str+6 Int+2 Slay+3}
   (You took it off a deep elf elementalist on level 3 of the Elven Halls)

   [ring of strength]

   It affects your strength (+6).
   It affects your intelligence (+2).
   It affects your accuracy and damage with ranged weapons and melee attacks
   (+3).
   It protects you from cold.
 W - the amulet of Egalitarianism (around neck) {Drain Regen+ Str+8 SInv}
   (You found it on level 3 of the Crypt)

   [amulet of regeneration]

   It affects your strength (+8).
   It lets you see invisible.
   It increases your rate of health regeneration.
   It drains your maximum health when unequipped.
Wands
 a - a wand of iceblast (31)
 e - a wand of paralysis (22)
 v - a wand of acid (24)
 T - a wand of mindburst (45)
 V - a wand of digging (18)
Scrolls
 f - 15 scrolls of teleportation
 i - 4 scrolls of fog
 l - 22 scrolls of identify {@r1}
 p - 6 scrolls of vulnerability
 q - 13 scrolls of magic mapping
 s - 4 scrolls of fear
 x - 4 scrolls of immolation
 y - 2 scrolls of summoning
 G - 5 scrolls of blinking
 J - 2 scrolls of torment
 K - 2 scrolls of holy word
Potions
 b - 9 potions of heal wounds
 d - 2 potions of invisibility
 g - 5 potions of cancellation
 h - 6 potions of lignification
 j - 26 potions of curing
 n - 10 potions of attraction
 r - 10 potions of might
 z - 19 potions of mutation
 D - 2 potions of ambrosia
 H - 4 potions of haste
 I - 3 potions of brilliance
 U - 4 potions of resistance
Miscellaneous
 c - a figurine of a ziggurat
 w - a condenser vane
 C - a box of beasts
 E - a phantom mirror
 P - a tin of tremorstones (2/2)


   Skills:
 * Level 21.8 Fighting
 - Level 8.0 Armour
 + Level 21.7 Dodging
 - Level 1.5 Stealth
 + Level 17.4 Shields
 * Level 26.5 Spellcasting
 - Level 12.0 Evocations


You couldn't memorise any spells.
You knew the following spells:

 Your Spells              Type           Power      Damage    Failure   Level
a - Shatter               Erth           76%        3d56*     1%          9
b - Magic Dart            Conj           100%       1d8       0%          1
c - Iron Shot             Conj/Erth      76%        9d14      0%          6
d - Fulminant Prism       Conj/Hex       64%        3d27      0%          4
e - Iskenderun's Mystic   Conj/Tloc      100%       2d19      0%          4
f - Summon Small Mammal   Summ           100%       N/A       0%          1
g - Static Discharge      Conj/Air       100%       N/A       0%          2
h - Vampiric Draining     Necr           76%        2d16      0%          3
i - Passage of Golubria   Tloc           N/A        N/A       0%          4
j - Agony                 Necr           100%       N/A       0%          5
k - Dazzling Flash        Conj/Hex       100%       N/A       0%          3
l - Shadow Creatures      Summ           N/A        N/A       0%          6
m - Searing Ray           Conj           100%       3d7       0%          2
n - Irradiate             Conj/Tmut      64%        3d34      0%          5
o - Summon Hydra          Summ           64%        N/A       0%          7
p - Tornado               Air            64%        N/A       1%          9
x - Necromutation         Tmut/Necr      76%        N/A       1%          8
z - Chain Lightning       Conj/Air       64%        N/A       1%          8
Your spell library was empty.

Dungeon Overview and Level Annotations

Branches:
Dungeon (15/15)            Temple (1/1) D:7            Lair (6/6) D:11
  Swamp (4/4) Lair:4        Snake (4/4) Lair:3        Slime (5/5) Lair:5
    Orc (2/2) D:11            Elf (3/3) Orc:2        Vaults (5/5) D:13
  Crypt (3/3) Vaults:3       Tomb (3/3) Crypt:3      Depths (5/5) D:15
    Zot (0/5) Depths:5    Volcano (visited)

Altars:
Ashenzari
Cheibriados
Dithmenos
Gozag
Hepliaklqana
Kikubaaqudgha
Makhleb
Nemelex Xobeh
Qazlal
Ru
Sif Muna
Trog
Uskayaw
Vehumet
Wu Jian
Yredelemnul
Zin
Jiyva

Shops:
D:2 (   D:3 *   D:7 (   D:14 :   Orc:2 *!=[[   Elf:3 (   Snake:1 =*[
Snake:2 ?   Snake:3 *[(?*[   Vaults:1 =   Vaults:4 (

Portals:
Hell: Depths:3 Depths:5
Abyss: Depths:4 Depths:5
Pandemonium: Orc:2 Depths:3

Annotations:
Elf:2 3 runed translucent doors
Pan Gloorx Vloq


Innate Abilities, Weirdness & Mutations

You are an undead lich.
Your unarmed attacks are suffused with negative energy.
You are immune to unholy pain and torment.
Your necromantic spells are more powerful.
You are flying.
You cannot drink.
You are immune to sickness and miasma.
You are immune to poison.
Your flesh is very heat resistant. (rF++)
You are vulnerable to cold. (rC-)
You float through the air rather than walking.
You learn spells naturally, not from books.
Your magical power is your life essence.
You have superior vitality. (+4 HP)
Your mind is very acute. (Int +4)
You are resistant to electric shocks. (rElec)


Message History

The Executioner is almost dead.
The lightning arc hits you. You resist.
The lightning arc hits the Executioner!
The Executioner resists.
You kill the Executioner!
The lightning arc hits you but does no damage.
You resist.
The lightning arc hits the Executioner.
The Executioner resists.
The Executioner is heavily wounded.
The lightning arc hits you. You resist. You block the Executioner's attack. x2
The Executioner hits you but does no damage.
Gloorx Vloq gestures.
You block the Executioner's attack. x2
The Executioner hits you but does no damage.
Casting: Chain Lightning (mildly dangerous; 1% risk of failure)
Confirm with . or Enter, or press ? or * to list all spells.
You feel a surge of power!
The dungeon rumbles!
You kill the Executioner!
The Executioner is severely wounded.
Gloorx Vloq is severely wounded.
You kill the Executioner!
The Executioner is severely wounded.
Ka-crash!
You kill the Executioner!
Gloorx Vloq gestures at you.
You convulse!
* * * LOW HITPOINT WARNING * * *
Casting: Shatter (dangerous; 1% risk of failure)
Confirm with . or Enter, or press ? or * to list all spells.
Okay, then.
Casting: Shatter (dangerous; 1% risk of failure)
Confirm with . or Enter, or press ? or * to list all spells.
Aiming: Iron Shot (safe; 0% risk of failure)
Press: ? - help, Shift-Dir - straight line, f - Gloorx Vloq
Aim: Gloorx Vloq (raging winds, severely wounded, 83% to hit)
You feel a surge of power!
The iron shot hits Gloorx Vloq!!
Gloorx Vloq is almost dead.
* * * LOW HITPOINT WARNING * * *
You kill the Executioner!
Gloorx Vloq gestures at you.
You convulse!
You die...

,**#.....†..#.........#. ##...
,,,..φ..................# #....
,**#....W...#.........#.. ##..#.
,,,###...............#... .#....
,,,.........§§§§.§§§§#.#.##.#..#.
***,##...#..§§§§#§§§§.###.#.#..).
,,,..†.†....§§§§§§§§§...#..#.....
*,,.....&.#.§§§§§§§§§............
,,,.........§§§§L§§§§...........#
###....##...§§§§&§§§§......#.....
............§§§§§§§§§.....#......
.#.#..#.#...§§§§§§§§§..#....#..#.
..&.........§§§§§§§§§.....#.#....
.....[...........[...............
.................................
####..###########..##...#.#......
*.## *,* *,.#.. ##..##..


You could see Gloorx Vloq.

Vanquished Creatures
  the Royal Jelly (Slime:5)
  Dissolution (Slime:3)
  Mnoleg (Pan)
  Mara (Depths:1)
  Mennas (Pan)
  2 ancient liches
  A juggernaut (Depths:4)
  Sojobo (Crypt:3)
  24 royal mummies
  3 pandemonium lords (Pan)
  Bai Suzhen (Vaults:4)
  Saint Roka (Depths:3)
  Margery (Vaults:2)
  Nikola (Depths:1)
  A profane servitor (Crypt:3)
  3 golden dragons (Vaults:5)
  2 bone dragons
  A Brimstone Fiend (Pan)
  Rupert (D:14)
  5 tentacled monstrosities
  2 hellephants (Abyss:5)
  3 Ice Fiends
  Asterion (Vaults:2)
  3 quicksilver dragons (Vaults:5)
  6 liches
  2 deep elf blademasters (Elf:3)
  2 deep elf master archers (Elf:3)
  23 acid blobs
  A titan (Vaults:5)
  5 ancient champions
  16 Executioners (Pan)
  Frances (D:14)
  5 tentacled starspawn
  11 sphinxes
  3 storm dragons
  Gastronok (Lair:1)
  2 thorn hunters (Swamp:4)
  8 shadow dragons
  3 revenants
  Kirke (Swamp:1)
  17 azure jellies (Slime:5)
  A daeva (Abyss:2)
  6 tengu reavers
  The ghost of Zellion the Fencer, an adept DgGl (Snake:3)
  14 rockslimes
  10 fire giants
  8 nagarajas
  2 draconian knights (Depths:5)
  12 vault wardens
  4 deep elf sorcerers
  A fire giant (shapeshifter) (Depths:1)
  2 balrugs (Pan)
  7 frost giants
  3 deep elf elementalists (Elf:3)
  Louise (Depths:5)
  15 cacodemons (Pan)
  2 draconian shifters (Abyss:5)
  2 curse skulls (Pan)
  A draconian annihilator (Depths:5)
  2 warmongers (Pan)
  14 ironbound preservers
  3 war gargoyles
  15 quicksilver oozes
  5 ghouls
  14 stone giants
  22 very ugly things
  A spriggan defender (Depths:5)
  8 vampire knights
  8 bennus (Tomb:3)
  2 reapers (Pan)
  Nessos (Lair:5)
  A corrupter (Pan)
  5 blood saints (Pan)
  10 dire elephants
  A black draconian (Depths:5)
  2 lorocyprocas (Pan)
  A green draconian (Depths:5)
  11 deep elf annihilators
  The ghost of Piwky the Grappler, a journeyman TrMo (Lair:4)
  7 deep elf demonologists
  2 red draconians (Depths:5)
  9 spark wasps
  3 bunyips
  2 white draconians (Depths:5)
  Snorg (Lair:3)
  2 eleionomae
  An eidolon (Vaults:3)
  6 deep elf death magi
  32 mummy priests
  A blizzard demon (Pan)
  An ettin (shapeshifter) (Vaults:5)
  2 crystal guardians
  4 green deaths (Pan)
  8 rakshasas
  16 yaktaur captains
  9 ettins
  5 fire dragons
  5 deep elf high priests
  13 jiangshi
  A salamander tyrant (Snake:2)
  A fenstrider witch zombie (Crypt:2)
  2 peacekeepers
  2 shambling mangroves (Swamp:4)
  14 naga warriors
  8 great orbs of eyes
  5 ironbound thunderhulks
  3 ice dragons (Depths:3)
  A hell beast (Pan)
  31 vault guards
  Fannar (Lair:1)
  7 monstrous demonspawn (Pan)
  4 spriggan air magi
  7 boulder beetles
  2 catoblepae
  2 ghost crabs
  33 hydras
  4 ironbound frosthearts
  A quicksilver dragon skeleton (Pan)
  11 centaur warriors
  4 death knights
  6 anacondas
  5 two-headed ogres
  A death yak (D:11)
  13 alligators
  6 deep troll shamans
  16 dancing weapons
  21 death scarabs
  Erica (Lair:1)
  14 naga sharpshooters
  5 tengu warriors
  3 ironbound beastmasters
  9 deep troll earth magi
  A thrashing horror (Abyss:4)
  4 orc high priests
  4 vampire magi
  12 shock serpents
  3 hell hogs (Abyss:4)
  5 spriggan berserkers
  Sonja (D:10)
  11 hell knights
  12 soul eaters
  12 deep elf knights
  12 sun demons
  4 salamander mystics
  5 iron trolls
  A fire crab (shapeshifter) (Elf:1)
  34 skeletal warriors
  4 wretched stars
  8 goliath frogs
  13 sixfirhies (Pan)
  A death drake (Abyss:2)
  7 sea snakes (Snake:4)
  2 death drakes (shapeshifter)
  3 shadow demons (Pan)
  3 glowing orange brains
  10 shadow wraiths
  4 torturous demonspawn (Pan)
  43 deep trolls
  6 gelid demonspawn
  2 spatial maelstroms
  6 naga ritualists
  5 spriggan druids
  4 wizards
  8 swamp dragons
  9 bog bodies
  18 deep elf zephyrmancers
  4 infernal demonspawn
  16 deep elf archers
  9 flayed ghosts
  An iron giant skeleton (Crypt:2)
  19 phantasmal warriors
  10 orc knights
  2 lindwurms (Vaults:2)
  An obsidian statue (Snake:3)
  35 ugly things
  3 harpies (Vaults:2)
  An iron dragon zombie (Crypt:2)
  13 ironbound convokers
  21 deep elf pyromancers
  An orange crystal statue (Vaults:3)
  2 spectral ettins (Crypt:3)
  6 shining eyes
  9 mana vipers
  An eleionoma zombie (Crypt:1)
  A glowing shapeshifter (Depths:3)
  4 will-o-the-wisps
  8 necromancers
  13 orc sorcerers
  A shock serpent zombie (Crypt:2)
  A cyclops (shapeshifter) (Vaults:5)
  A toenail golem (Pan)
  18 naga magi
  23 salamanders
  Joseph (D:8)
  4 cyclopes
  34 black mambas
  13 guardian serpents
  2 stone giant skeletons
  3 vault sentinels
  12 apocalypse crabs
  8 elephants
  An ice statue (Lair:4)
  An eye of devastation (Slime:3)
  9 smoke demons
  A dire elephant zombie (Abyss:4)
  A rust devil (Pan)
  A frost giant skeleton (Tomb:3)
  A gargoyle (D:11)
  26 large abominations
  A torpor snail (Lair:2)
  13 orange demons (Pan)
  29 cane toads
  2 hellions (Pan)
  4 unseen horrors
  A catoblepas zombie (Tomb:3)
  A shock serpent skeleton (Pan)
  21 komodo dragons
  4 tengu conjurers
  5 kobold demonologists (D:9)
  2 rime drakes (Lair:4)
  2 efreet
  A sea snake zombie (Crypt:1)
  9 freezing wraiths
  An alligator snapping turtle skeleton (Crypt:1)
  21 guardian mummies
  6 hellwings
  7 demonic crawlers (Pan)
  A golden dragon simulacrum (Crypt:3)
  15 yaktaurs
  7 red devils
  4 ancient zymes
  A jumping spider (shapeshifter) (Vaults:5)
  2 polar bears
  A meliai (D:13)
  11 trolls
  16 hornets
  17 dream sheep
  13 tyrant leeches
  9 raiju
  20 blink frogs
  85 slime creatures
  An ettin zombie (Tomb:2)
  2 air elementals
  65 flying skulls
  An alligator skeleton (Abyss:1)
  Sigmund (D:5)
  A black mamba zombie (Crypt:2)
  A shadow (D:10)
  2 centaur simulacra (D:15)
  18 starcursed masses
  33 yaks
  2 vampires
  2 water elementals (Elf:1)
  8 basilisks
  8 wraiths
  A yak (shapeshifter) (D:15)
  17 spriggans
  18 ushabtiu
  5 ynoxinuls
  8 wyverns
  A dire elephant simulacrum (Tomb:1)
  A tyrant leech zombie (Crypt:2)
  21 vampire mosquitoes
  A golden eye (shapeshifter) (D:14)
  20 small abominations
  Eustachio (D:5)
  Grum (Lair:1)
  2 fire elementals
  A steam dragon (D:8)
  13 chaos spawn
  23 neqoxecs (Pan)
  Menkaure (D:5)
  5 spatial vortices
  18 swamp worms
  5 wargs
  59 nagas
  An acid dragon (D:11)
  14 water moccasins
  3 floating eyes
  10 swamp drakes
  A meliai simulacrum (D:15)
  An ice beast (D:8)
  A sky beast (D:4)
  48 orc warriors
  7 necrophages
  5 ogres
  A blink frog skeleton (Crypt:2)
  18 centaurs
  24 wolves
  A lindwurm skeleton (Crypt:2)
  A swamp dragon skeleton (Tomb:1)
  A phantom (D:5)
  22 bullfrogs
  25 kobold brigands
  A wyvern zombie (D:9)
  2 gnoll sergeants
  6 earth elementals
  A water moccasin skeleton (D:4)
  13 killer bees
  11 wights
  3 howler monkeys
  A wolf zombie (Crypt:1)
  A crimson imp (Abyss:4)
  5 centaur zombies
  A bullfrog zombie (D:5)
  2 quasits
  3 hounds
  29 orc priests
  A jelly (Lair:5)
  3 centaur skeletons
  A gnoll shaman (D:6)
  An iguana (D:5)
  Ijyb (D:3)
  15 orc wizards
  Natasha (thrice) (D:2)
  A killer bee zombie (D:5)
  An ogre zombie (Tomb:3)
  A hound zombie (D:5)
  A hound skeleton (D:4)
  20 mummies
  2 howler monkey zombies
  2 howler monkey skeletons
  18 gnolls
  14 adders
  6 white imps
  7 dart slugs
  87 orcs
  11 ball pythons
  3 endoplasms
  2 giant cockroaches
  7 goblins
  7 hobgoblins
  29 kobolds
  A quokka (D:2)
  9 bats
  3 frilled lizards
  A goblin skeleton (Crypt:2)
  8 rats
  7 fulminant prisms
  A lurking horror (Abyss:1)
  4 starspawn tentacles
2620 creatures vanquished.

Vanquished Creatures (collateral kills)
  A naga warrior (Snake:1)
  An anaconda (Snake:3)
  2 shock serpents (Snake:4)
  2 sea snakes (Snake:4)
  A salamander (Snake:3)
  A black mamba (Snake:4)
  A naga mage (Snake:3)
  A polar bear (Lair:4)
10 creatures vanquished.

Vanquished Creatures (others)
  A dread lich (Vaults:5)
  An eldritch tentacle (Pan)
  A cacodemon (Pan)
  A balrug (Pan)
  A blizzard demon (Pan)
  2 bloated husks (Swamp:1)
  2 spriggans
  2 air elementals
  2 water elementals
  3 humans (Swamp:1)
  A chaos spawn (Abyss:4)
  A naga (Snake:4)
  4 foxfires (Swamp:2)
  160 fulminant prisms
  38 fungi
  94 plants
  6 starspawn tentacles
320 creatures vanquished.

Grand Total: 2950 creatures vanquished

Notes
Turn   | Place    | Note
-------+----------+-------------------------------------------
     0 | D:1      | miscthings the Djinni Conjurer began the quest for the Orb.
     0 | D:1      | Reached XP level 1. HP: 15/15 MP: 0/0
   218 | D:1      | Reached XP level 2. HP: 16/21 MP: 0/0
  1005 | D:1      | Reached XP level 3. HP: 17/25 MP: 0/0
  1005 | D:1      | Learned a level 1 spell: Summon Small Mammal
  1222 | D:1      | Reached skill level 4 in Spellcasting
  1560 | D:2      | Reached XP level 4. HP: 10/31 MP: 0/0
  1631 | D:2      | Found Gecw's Antique Weapon Shoppe.
  1714 | D:2      | Found a glowing silver altar of Zin.
  1859 | D:2      | Noticed Natasha
  1861 | D:2      | Killed Natasha
  2022 | D:2      | Reached XP level 5. HP: 29/35 MP: 0/0
  2022 | D:2      | Learned a level 2 spell: Static Discharge
  2228 | D:2      | Noticed Natasha
  2237 | D:2      | Killed Natasha
  2270 | D:2      | Noticed Natasha
  2274 | D:2      | Killed Natasha
  2275 | D:2      | Reached skill level 5 in Spellcasting
  2423 | D:3      | Reached XP level 6. HP: 35/40 MP: 0/0
  2491 | D:3      | Noticed Ijyb
  2497 | D:3      | Killed Ijyb
  2566 | D:3      | Found Ugituera's Assorted Antiques.
  2566 | D:3      | Found a faded altar of an unknown god.
  2684 | D:3      | Noticed an ogre
  2689 | D:3      | HP: 1/40 [ogre/+0 giant spiked club (24)]
  2699 | D:3      | Killed an ogre
  2700 | D:3      | Reached skill level 6 in Spellcasting
  3305 | D:3      | Bought a scroll labelled BUIRHAE MAEL for 27 gold pieces
  3305 | D:3      | Bought a scroll labelled EWAEMA ROPNUCS for 27 gold pieces
  3305 | D:3      | Bought a golden potion for 24 gold pieces
  3376 | D:4      | Reached XP level 7. HP: 35/45 MP: 0/0
  3376 | D:4      | Learned a level 3 spell: Vampiric Draining
  3498 | D:4      | Noticed a water moccasin
  3505 | D:4      | Killed a water moccasin
  3761 | D:4      | Reached skill level 7 in Spellcasting
  3761 | D:4      | Reached XP level 8. HP: 43/50 MP: 0/0
  4126 | D:5      | Entered Level 5 of the Dungeon
  4170 | D:3      | Bought a scroll labelled PUITIYDOPO for 27 gold pieces
  4199 | D:5      | Noticed Menkaure
  4202 | D:5      | Killed Menkaure
  4422 | D:5      | Noticed Sigmund
  4428 | D:5      | Killed Sigmund
  4429 | D:5      | Reached skill level 8 in Spellcasting
  4534 | D:5      | Noticed Eustachio
  4542 | D:5      | Killed Eustachio
  4543 | D:5      | Reached XP level 9. HP: 23/55 MP: 0/0
  4543 | D:5      | Learned a level 4 spell: Passage of Golubria
  5509 | D:6      | Reached skill level 9 in Spellcasting
  6247 | D:7      | Found Hujy's Weapon Shoppe.
  6249 | D:7      | Noticed a hornet
  6257 | D:7      | Killed a hornet
  6766 | D:7      | Reached skill level 10 in Spellcasting
  6879 | D:7      | Found a staircase to the Ecumenical Temple.
  6969 | D:8      | Reached XP level 10. HP: 45/60 MP: 0/0
  6994 | D:8      | Reached skill level 11 in Spellcasting
  7209 | D:8      | Noticed Joseph
  7214 | D:8      | Killed Joseph
  7531 | Temple   | Entered the Ecumenical Temple
  7554 | Temple   | Became a worshipper of Makhleb the Destroyer
  8125 | D:8      | Reached skill level 1 in Evocations
  8194 | D:8      | Reached skill level 1 in Fighting
  8194 | D:8      | Reached skill level 1 in Armour
  8955 | D:9      | Noticed a kobold demonologist
  8962 | D:9      | Killed a kobold demonologist
  8963 | D:9      | Reached skill level 1 in Shields
  9314 | D:9      | Reached * piety under Makhleb
  9316 | D:9      | Reached XP level 11. HP: 63/68 MP: 0/0
  9316 | D:9      | Learned a level 5 spell: Irradiate
  9449 | D:9      | Noticed a two-headed ogre
  9454 | D:9      | Killed a two-headed ogre
  9814 | D:9      | Reached skill level 12 in Spellcasting
  9814 | D:9      | Noticed a sixfirhy
  9814 | D:9      | Reached ** piety under Makhleb
 10020 | D:9      | Reached *** piety under Makhleb
 10105 | D:10     | Entered Level 10 of the Dungeon
 10105 | D:10     | Noticed Sonja
 10112 | D:10     | Killed Sonja
 10115 | D:10     | Reached skill level 5 in Dodging
 10120 | D:10     | Reached XP level 12. HP: 75/78 MP: 0/0
 10187 | D:10     | Found an ornate altar of the Wu Jian Council.
 10328 | D:10     | Noticed a two-headed ogre
 10335 | D:10     | Killed a two-headed ogre
 10682 | D:11     | Found a staircase to the Lair.
 10682 | D:11     | Noticed a death yak
 10691 | D:11     | Noticed a boulder beetle
 10707 | D:11     | Killed a boulder beetle
 10720 | D:11     | Killed a death yak
 10767 | D:11     | Reached **** piety under Makhleb
 10819 | D:11     | Reached skill level 5 in Evocations
 10842 | D:11     | Found a staircase to the Orcish Mines.
 11059 | Orc:1    | Entered Level 1 of the Orcish Mines
 11098 | Orc:1    | Reached skill level 5 in Shields
 11134 | Orc:1    | Reached skill level 5 in Fighting
 11176 | Orc:1    | Noticed an orc high priest
 11182 | Orc:1    | Killed an orc high priest
 11356 | Orc:2    | Entered Level 2 of the Orcish Mines
 11368 | Orc:2    | Found Fatogg's Armour Boutique.
 11482 | Orc:1    | Reached XP level 13. HP: 86/86 MP: 0/0
 11482 | Orc:1    | Learned a level 5 spell: Agony
 11615 | Orc:2    | Reached skill level 13 in Spellcasting
 11796 | Orc:2    | Reached ***** piety under Makhleb
 11830 | Orc:2    | Found Rir Lui's General Store.
 11832 | Orc:2    | Found Xoocaoro's Distillery.
 11890 | Orc:2    | Bought a potion of attraction for 39 gold pieces
 12055 | Orc:2    | Found Kygesoz's Antique Armour Emporium.
 12055 | Orc:2    | Found a one-way gate leading to the halls of Pandemonium.
 12055 | Orc:2    | Found Doukeho's Jewellery Shoppe.
 12074 | Orc:2    | Bought an ichor-stained scale mail for 378 gold pieces
 12074 | Orc:2    | Identified the +0 scale mail of Azounn {rElec rN+++ Regen+
                  | Int-2} (You bought it in a shop on level 2 of the Orcish
                  | Mines)
 12220 | Orc:2    | Found a staircase to the Elven Halls.
 12300 | Orc:2    | Reached XP level 14. HP: 96/96 MP: 0/0
 12739 | Orc:2    | Bought a +2 cloak of preservation for 236 gold pieces
 12739 | Orc:2    | Bought a scroll of enchant armour for 82 gold pieces
 12753 | Orc:2    | Bought a potion of degeneration for 13 gold pieces
 12753 | Orc:2    | Bought 2 potions of mutation for 208 gold pieces
 12753 | Orc:2    | Bought a potion of mutation for 104 gold pieces
 12753 | Orc:2    | Gained mutation: Your mind is acute. (Int +2) [potion of
                  | mutation]
 12753 | Orc:2    | Gained mutation: You are resistant to electric shocks.
                  | (rElec) [potion of mutation]
 12753 | Orc:2    | Gained mutation: Your mind is very acute. (Int +4) [potion
                  | of mutation]
 12871 | Lair:1   | Entered Level 1 of the Lair of Beasts
 13001 | Lair:1   | Noticed Grum
 13004 | Lair:1   | Reached ****** piety under Makhleb
 13008 | Lair:1   | Killed Grum
 13088 | Lair:1   | Noticed Fannar
 13096 | Lair:1   | Killed Fannar
 13451 | Lair:1   | Noticed Erica
 13454 | Lair:1   | Killed Erica
 13495 | Lair:1   | Noticed Gastronok
 13506 | Lair:1   | Killed Gastronok
 13804 | Lair:2   | Found a sparkling altar of Nemelex Xobeh.
 13864 | Lair:2   | Reached skill level 14 in Spellcasting
 14626 | Lair:3   | Found a staircase to the Snake Pit.
 14744 | Lair:3   | Noticed Snorg
 14757 | Lair:3   | Killed Snorg
 15129 | Lair:3   | Reached XP level 15. HP: 103/103 MP: 0/0
 15129 | Lair:3   | Learned a level 6 spell: Iron Shot
 15523 | Lair:4   | Reached skill level 10 in Shields
 15523 | Lair:4   | Reached XP level 16. HP: 110/110 MP: 0/0
 15577 | Lair:4   | Found a staircase to the Swamp.
 15676 | Lair:4   | Found a transporter.
 15796 | Lair:4   | Found a transporter.
 15803 | Lair:4   | Noticed Piwky's ghost (journeyman TrMo)
 16020 | Lair:4   | Reached skill level 10 in Dodging
 16032 | Lair:4   | Killed Piwky's ghost
 16216 | Lair:5   | Noticed Nessos
 16224 | Lair:5   | Killed Nessos
 16283 | Lair:5   | Found a staircase to the Slime Pits.
 16544 | Lair:6   | Entered Level 6 of the Lair of Beasts
 16602 | Lair:6   | Found a dark tunnel.
 16612 | Volcano  | Entered a volcano
 16884 | Lair:6   | Reached XP level 17. HP: 69/117 MP: 0/0
 16884 | Lair:6   | Learned a level 7 spell: Summon Hydra
 16912 | Lair:6   | Reached skill level 15 in Spellcasting
 18665 | D:13     | Reached skill level 10 in Fighting
 18665 | D:13     | Reached skill level 10 in Evocations
 19047 | D:13     | Found a gate to the Vaults.
 19320 | D:14     | Found Wiwn's Book Shop.
 19347 | D:14     | Noticed Rupert
 19358 | D:14     | Noticed Frances
 19362 | D:14     | Killed Rupert
 19366 | D:14     | Killed Frances
 20216 | D:15     | Entered Level 15 of the Dungeon
 20289 | D:15     | Found a staircase to the Depths.
 20336 | D:15     | Reached XP level 18. HP: 126/126 MP: 0/0
 21252 | Snake:1  | Entered Level 1 of the Snake Pit
 21260 | Snake:1  | Found Gaobafuf's Armour Shop.
 21262 | Snake:1  | Found Alaats's General Store.
 21265 | Snake:1  | Found Codifuj's Jewellery Shop.
 21268 | Snake:1  | Bought a +0 pair of gloves of dexterity for 195 gold pieces
 22091 | Snake:2  | Found Qomemoxt's Magic Scroll Emporium.
 22110 | Snake:2  | Bought a scroll of acquirement for 884 gold pieces
 22110 | Snake:2  | Acquired the +3 hat of Pondering {ponderous, Will+ MP+10
                  | Int+5}
 22111 | Snake:2  | Found the +3 hat of Pondering {ponderous, Will+ MP+10
                  | Int+5}
 22162 | Snake:2  | Reached skill level 16 in Spellcasting
 23029 | Snake:3  | Found Weringoa's Armour Shop.
 23506 | Snake:3  | Found a runed translucent gate.
 23506 | Snake:3  | Found a runed translucent gate.
 23506 | Snake:3  | Found a runed translucent gate.
 23510 | Snake:3  | Found an opulent altar of Gozag.
 23543 | Snake:3  | Found Higokac's Assorted Antiques.
 23544 | Snake:3  | Noticed Zellion's ghost (adept DgGl)
 23605 | Snake:3  | Reached XP level 19. HP: 124/133 MP: 0/0
 23605 | Snake:3  | Learned a level 6 spell: Shadow Creatures
 23605 | Snake:3  | Found Nicwanai's Antique Weapon Boutique.
 23685 | Snake:3  | Found Peggath's Magic Scroll Boutique.
 23685 | Snake:3  | Found Keseij's General Store.
 23690 | Snake:3  | Found Unily's Antique Armour Shop.
 24290 | Snake:4  | Entered Level 4 of the Snake Pit
 24466 | Snake:4  | Found a flickering gateway to a bazaar.
 24485 | Bazaar   | Entered a bazaar
 24493 | Bazaar   | Found Ecsae's Book Shop.
 24505 | Bazaar   | Found Homium's Book Shop.
 25471 | Snake:4  | Got a serpentine rune of Zot
 26294 | Swamp:1  | Entered Level 1 of the Swamp
 26397 | Snake:3  | Bought a faintly humming cloak for 247 gold pieces
 26397 | Snake:3  | Identified the +1 cloak "Meleeg" {Rampage rF+++ rC- Int+4}
                  | (You bought it in a shop on level 3 of the Snake Pit)
 26515 | Swamp:1  | Reached XP level 20. HP: 113/141 MP: 0/0
 26526 | Swamp:1  | Identified the +0 helmet of the Zebra {Dex+4}
 26613 | Swamp:1  | Noticed Kirke
 26618 | Swamp:1  | Killed Kirke
 26619 | Swamp:1  | Reached skill level 17 in Spellcasting
 28411 | Swamp:4  | Entered Level 4 of the Swamp
 29018 | Swamp:4  | Reached XP level 21. HP: 113/149 MP: 0/0
 29018 | Swamp:4  | Learned a level 8 spell: Chain Lightning
 29141 | Swamp:4  | Got a decaying rune of Zot
 29418 | Slime:1  | Entered Level 1 of the Pits of Slime
 29584 | Slime:3  | Noticed Dissolution
 29586 | Slime:3  | Killed Dissolution
 29587 | Slime:3  | Reached skill level 18 in Spellcasting
 29594 | Slime:3  | Reached skill level 15 in Dodging
 29635 | Slime:4  | Reached skill level 15 in Shields
 29639 | Slime:4  | Paralysed by a great orb of eyes for 6 turns
 29662 | Slime:5  | Entered Level 5 of the Pits of Slime
 29685 | Slime:5  | Noticed the Royal Jelly
 29686 | Slime:5  | Reached XP level 22. HP: 124/158 MP: 0/0
 30359 | Slime:5  | Found a viscous altar of Jiyva.
 30366 | Slime:5  | Found the +5 robe of Night {Dark Will+ SInv}
 30400 | Slime:5  | Killed the Royal Jelly
 30503 | Slime:5  | Identified the +1 pair of gloves of the Past {rCorr}
 30508 | Slime:5  | Identified the +3 ring mail of Optimism {Rampage}
 30555 | Slime:5  | Got a slimy rune of Zot
 30558 | Slime:5  | Identified the +5 falchion "Wimutah" {vorpal, Int+6 Dex+4}
 30590 | Slime:5  | Identified the +1 robe "Oheloscha" {*Corrode Int+4}
 30598 | Slime:5  | Identified the +0 scale mail of Depression {rN+ Str-4
                  | Int+3}
 31031 | Elf:1    | Entered Level 1 of the Elven Halls
 31570 | Elf:1    | Reached skill level 19 in Spellcasting
 31896 | Elf:2    | Reached skill level 15 in Fighting
 31917 | Elf:2    | Found a runed translucent gate.
 31917 | Elf:2    | Found a runed translucent gate.
 31917 | Elf:2    | Found a runed translucent gate.
 32194 | Elf:3    | Entered Level 3 of the Elven Halls
 32298 | Elf:3    | Reached XP level 23. HP: 137/162 MP: 0/0
 32298 | Elf:3    | Learned a level 8 spell: Necromutation
 32313 | Elf:3    | Found Jonats's Weapon Boutique.
 32676 | Elf:3    | Identified the ring of Pairub {rC+ Str+6 Int+2 Slay+3}
 32909 | Elf:3    | Identified the amulet "Xufasil" {Faith rPois}
 33197 | Elf:3    | Identified the +10 trident "Uwubbul" {vamp, Str+3 Int+7}
 33310 | Elf:3    | Identified Kopeul's Volume of the Aerial Compass
 33735 | Vaults:1 | Entered Level 1 of the Vaults
 33796 | Vaults:1 | Found Kydgh's Jewellery Emporium.
 33971 | Vaults:2 | Noticed Margery
 33976 | Vaults:2 | Noticed Asterion
 33978 | Vaults:2 | Killed Margery
 33979 | Vaults:2 | Killed Asterion
 34444 | Vaults:3 | Reached XP level 24. HP: 175/175 MP: 0/0
 34492 | Vaults:3 | Reached skill level 20 in Spellcasting
 34662 | Vaults:3 | Acquired the +3 buckler "Tow Bett" {rC+ Int+4}
 34704 | Vaults:3 | Found a transporter.
 34705 | Vaults:3 | Found the +7 captain's cutlass {speed, disarm}
 34715 | Vaults:3 | Found a transporter.
 34846 | Vaults:3 | Reached skill level 5 in Armour
 34965 | Vaults:3 | Found a staircase to the Crypt.
 35456 | Vaults:4 | Noticed Bai Suzhen
 35461 | Vaults:4 | Killed Bai Suzhen
 35465 | Vaults:5 | Entered Level 5 of the Vaults
 35465 | Vaults:5 | Noticed a dread lich
 35473 | Vaults:5 | Reached XP level 25. HP: 184/184 MP: 0/0
 35473 | Vaults:5 | Learned a level 9 spell: Shatter
 35474 | Vaults:5 | Killed a dread lich
 35475 | Vaults:5 | Identified the +5 great sword of the Dark Horse {antimagic,
                  | Dex+6 Stlth+}
 35492 | Vaults:4 | Found Cily's Weapon Shop.
 35518 | Vaults:5 | Identified the +7 hand axe of Impatience {flame, rC+ Str+4
                  | Dex+4}
 35526 | Vaults:5 | Noticed an ancient lich
 35532 | Vaults:5 | Killed an ancient lich
 35603 | Vaults:5 | Reached XP level 26. HP: 189/193 MP: 0/0
 35724 | Vaults:5 | Identified the +4 rapier of the Jumping Ancients {venom,
                  | rC+ SInv}
 36187 | Vaults:5 | Got a silver rune of Zot
 36949 | Crypt:1  | Entered Level 1 of the Crypt
 36961 | Crypt:1  | Reached skill level 21 in Spellcasting
 37223 | Crypt:3  | Entered Level 3 of the Crypt
 37349 | Crypt:3  | Found the +7 Spriggan's Knife {stab, EV+4 Stlth+}
 37350 | Crypt:3  | Noticed Sojobo
 37362 | Crypt:3  | Killed Sojobo
 37363 | Crypt:3  | Reached XP level 27. HP: 175/201 MP: 0/0
 37363 | Crypt:3  | Learned a level 9 spell: Tornado
 37378 | Crypt:3  | Reached skill level 22 in Spellcasting
 37391 | Crypt:3  | Noticed an ancient lich
 37394 | Crypt:3  | Killed an ancient lich
 37397 | Crypt:3  | Found a staircase to the Tomb.
 37405 | Crypt:3  | Identified the +9 morningstar "Syamynk" {freeze, rPois
                  | Str-2 Int-4 Dex+7}
 37435 | Crypt:3  | Identified the amulet of Egalitarianism {Drain Regen+ Str+8
                  | SInv}
 37435 | Crypt:3  | Identified the amulet of Tokhlaloa {Regen+ rCorr Int+4
                  | Dex-3}
 37435 | Crypt:3  | Identified the ring "Hahank" {rN+ Int+3}
 37466 | Tomb:1   | Entered Level 1 of the Tomb of the Ancients
 37505 | Tomb:1   | Noticed a royal mummy
 37505 | Tomb:1   | Noticed a royal mummy
 37505 | Tomb:1   | Noticed a royal mummy
 37505 | Tomb:1   | Noticed a royal mummy
 37506 | Tomb:1   | Killed a royal mummy
 37506 | Tomb:1   | Noticed a royal mummy
 37507 | Tomb:1   | Killed a royal mummy
 37507 | Tomb:1   | Killed a royal mummy
 37509 | Tomb:1   | Killed a royal mummy
 37510 | Tomb:1   | Noticed a royal mummy
 37511 | Tomb:1   | Noticed a royal mummy
 37512 | Tomb:1   | Killed a royal mummy
 37513 | Tomb:1   | Noticed a royal mummy
 37514 | Tomb:1   | Killed a royal mummy
 37514 | Tomb:1   | Killed a royal mummy
 37518 | Tomb:1   | Noticed a royal mummy
 37519 | Tomb:1   | Killed a royal mummy
 37519 | Tomb:1   | Noticed a royal mummy
 37525 | Tomb:1   | Killed a royal mummy
 37525 | Tomb:1   | Killed a royal mummy
 37525 | Tomb:1   | Noticed a royal mummy
 37526 | Tomb:1   | Reached skill level 23 in Spellcasting
 37529 | Tomb:1   | Killed a royal mummy
 37688 | Tomb:3   | Entered Level 3 of the Tomb of the Ancients
 37700 | Tomb:3   | Noticed a royal mummy
 37700 | Tomb:3   | Noticed a royal mummy
 37704 | Tomb:3   | Noticed a royal mummy
 37705 | Tomb:3   | Killed a royal mummy
 37706 | Tomb:3   | Killed a royal mummy
 37706 | Tomb:3   | Killed a royal mummy
 37706 | Tomb:3   | Noticed a royal mummy
 37711 | Tomb:3   | Killed a royal mummy
 37738 | Tomb:3   | Noticed a royal mummy
 37740 | Tomb:3   | Noticed a royal mummy
 37741 | Tomb:3   | Killed a royal mummy
 37742 | Tomb:3   | Reached skill level 24 in Spellcasting
 37743 | Tomb:3   | Killed a royal mummy
 37745 | Tomb:3   | Noticed a royal mummy
 37745 | Tomb:3   | Noticed a royal mummy
 37750 | Tomb:3   | Killed a royal mummy
 37751 | Tomb:3   | Killed a royal mummy
 37774 | Tomb:3   | Identified the ring "Wutuy" {rN+ Str+6 Stlth+}
 37787 | Tomb:3   | Identified the amulet of Waett {Acrobat +Blink}
 37803 | Tomb:3   | Identified the +9 whip of Destruction {freeze, +Blink rElec
                  | Str+4}
 37804 | Tomb:3   | Identified the +4 dagger of the Endless Expanse {flame,
                  | rElec Int+3}
 37805 | Tomb:3   | Identified the +5 trident "Xufecef" {flame, Str+4 Int-3}
 38102 | Tomb:3   | Got a golden rune of Zot
 38191 | Tomb:1   | Noticed a royal mummy
 38196 | Tomb:1   | Killed a royal mummy
 38198 | Tomb:1   | Noticed a royal mummy
 38200 | Tomb:1   | Noticed a royal mummy
 38202 | Tomb:1   | Killed a royal mummy
 38202 | Tomb:1   | Noticed a royal mummy
 38204 | Tomb:1   | Killed a royal mummy
 38204 | Tomb:1   | Killed a royal mummy
 38212 | Tomb:1   | Noticed a royal mummy
 38217 | Tomb:1   | Killed a royal mummy
 38801 | Snake:3  | Bought the +2 robe of Vines {NoPotionHeal Regen+++} for
                  | 1440 gold pieces
 38801 | Snake:3  | Found the +2 robe of Vines {NoPotionHeal Regen+++}
 38862 | Snake:3  | Killed Zellion's ghost
 39196 | Depths:1 | Entered Level 1 of the Depths
 39196 | Depths:1 | Noticed Mara
 39202 | Depths:1 | Killed Mara
 39203 | Depths:1 | Reached skill level 25 in Spellcasting
 39210 | Depths:1 | Noticed Nikola
 39216 | Depths:1 | Killed Nikola
 39434 | Depths:3 | Found a gateway to Hell.
 39533 | Depths:3 | Identified the +1 ring mail "Inkiderai" {Rampage Will+
                  | Str-4 Slay+5}
 39697 | Depths:3 | Noticed Saint Roka
 39700 | Depths:3 | Killed Saint Roka
 39849 | Depths:4 | Noticed a juggernaut
 39850 | Depths:4 | Killed a juggernaut
 39857 | Depths:4 | Found a one-way gate to the infinite horrors of the Abyss.
 39871 | Depths:4 | Voluntarily entered the Abyss.
 40141 | Abyss:2  | Found a corrupted altar of Lugonu.
 40159 | Abyss:2  | Identified the +6 flail of Ijuog {antimagic, rF- rC+ rN+
                  | Dex+5}
 40270 | Abyss:2  | Found a snail-covered altar of Cheibriados.
 40329 | Abyss:3  | Found a shimmering altar of Xom.
 40329 | Abyss:3  | Found a snail-covered altar of Cheibriados.
 40329 | Abyss:3  | Found an ornate altar of the Wu Jian Council.
 40329 | Abyss:3  | Found a stormy altar of Qazlal.
 40330 | Abyss:3  | Found a burning altar of Makhleb.
 40330 | Abyss:3  | Found a basalt altar of Yredelemnul.
 40330 | Abyss:3  | Found a broken altar of Ashenzari.
 40330 | Abyss:3  | Found a blossoming altar of Fedhas.
 40330 | Abyss:3  | Found a glowing golden altar of the Shining One.
 40332 | Abyss:3  | Found a white marble altar of Elyvilon.
 40332 | Abyss:3  | Found a hazy altar of Hepliaklqana.
 40334 | Abyss:3  | Found a glowing silver altar of Zin.
 40334 | Abyss:3  | Found a sparkling altar of Nemelex Xobeh.
 40334 | Abyss:3  | Found a bloodstained altar of Trog.
 40334 | Abyss:3  | Found an iron altar of Okawaru.
 40336 | Abyss:3  | Found a hide-covered altar of Uskayaw.
 40336 | Abyss:3  | Found an opulent altar of Gozag.
 40336 | Abyss:3  | Found a bloodstained altar of Trog.
 40365 | Abyss:3  | Found a corrupted altar of Lugonu.
 40507 | Abyss:5  | Entered Level 5 of the Abyss
 40507 | Abyss:5  | Found a corrupted altar of Lugonu.
 40530 | Abyss:5  | Found a corrupted altar of Lugonu.
 40545 | Abyss:5  | Got an abyssal rune of Zot
 40553 | Depths:4 | Escaped the Abyss
 40607 | Depths:5 | Entered Level 5 of the Depths
 40617 | Depths:5 | Found a gate to the Realm of Zot.
 41039 | Depths:5 | Noticed Louise
 41044 | Depths:5 | Killed Louise
 41106 | Depths:5 | Found a broken altar of Ashenzari.
 41598 | Pan      | Entered Pandemonium
 41688 | Pan      | Noticed Zarotz the pandemonium lord
 41694 | Pan      | Killed Zarotz the pandemonium lord
 41715 | Pan      | Identified the +1 robe of Limited Liability {Str+6}
 41846 | Pan      | Reached skill level 26 in Spellcasting
 41889 | Pan      | Noticed Ifotop the pandemonium lord
 41898 | Pan      | Killed Ifotop the pandemonium lord
 41962 | Pan      | Identified the +8 dagger of Responsibility {distort, Str+5}
 41963 | Pan      | Noticed Daoppan the pandemonium lord
 41972 | Pan      | Noticed Mennas
 41985 | Pan      | Killed Mennas
 41985 | Pan      | Noticed Mutig the pandemonium lord
 41993 | Pan      | Killed Mutig the pandemonium lord
 42013 | Pan      | Entered the realm of Mnoleg.
 42013 | Pan      | Noticed Mnoleg
 42017 | Pan      | Killed Mnoleg
 42105 | Pan      | Identified the Volume of Harmful Flames
 42139 | Pan      | Identified the +5 leather armour of the Original Sin
                  | {Int+4}
 42165 | Pan      | Got a glowing rune of Zot
 42183 | Pan      | Identified the +1 robe "Daerew" {Str+3 Int+4}
 42193 | Pan      | Entered the realm of Gloorx Vloq.
 42193 | Pan      | Found an exit through the horrors of the Abyss.
 42250 | Pan      | Noticed Gloorx Vloq
 42333 | Pan      | Killed from afar by Gloorx Vloq

Illustrated notes

Levels and vault maps discovered:
D:1:      eino_arrival_water_cross, layout_basic, minmay_misc_feat_pillars
D:2:      layout_loops_cross, serial_shops, nicolae_shop_overgrown_old_shop,
          basic_altar, guppyfry_early_lair_pool, uniq_natasha
D:3:      layout_basic, hellmonk_ecumenical_altar_run_dry, serial_shops,
          shop_statue, uniq_ijyb
D:4:      layout_rooms, minmay_misc_feat_tower, minmay_manual_monstrance
D:5:      layout_basic, uniq_eustachio, uniq_sigmund, uniq_menkaure
D:6:      layout_loops_cross
D:7:      layout_rooms, minmay_temple_entry_from_below_b, serial_shops,
          nicolae_shop_trees, minivault_5
D:8:      layout_basic, grunt_decor_mini_mirrors, uniq_joseph
D:9:      layout_roguey [special_room_kobold], special_room [special_room_orc]
D:10:     layout_rooms, lemuel_crystal_altar, uniq_sonja
D:11:     layout_rooms, david_lair_generic, orc_0_dummy
D:12:     layout_basic, minmay_misc_feat_chi
D:13:     layout_cave_pools, lightli_vaults_fourway_checkpoint,
          serial_column_ruins, column_ruins_open_medium_water,
          column_ruins_open_tiny, column_ruins_columns_straight,
          column_ruins_columns_straight, column_ruins_grid_3,
          column_ruins_open_medium, column_ruins_columns_corner,
          corexii_leaking_fountain
D:14:     layout_cave_pools, serial_shops, shop, serial_rivers,
          chequers_serial_rivers_large_b, chequers_serial_rivers_micro_b,
          chequers_serial_rivers_small_b, chequers_serial_rivers_micro_a,
          chequers_serial_rivers_marsh, chequers_serial_rivers_micro_b,
          uniq_frances, uniq_rupert
D:15:     grunt_enter_depths_magical_seal, layout_rooms
Temple:   nicolae_temple_the_god_donut
Lair:1:   layout_cave_pods, eino_small_chamber_without_monster, uniq_grum,
          uniq_gastronok, uniq_erica, uniq_fannar
Lair:2:   layout_chaotic_city, basic_altar, nicolae_quartered_pool_medium,
          beast_lair_carwin_7, lemuel_fruit_fields
Lair:3:   layout_cave_pods, guppyfry_snake_entry_garden,
          chequers_serial_rivers_small_3, grunt_megastairs_1, uniq_snorg
Lair:4:   layout_long_grid, swamp_mist_pool, nzn_ghost_randoct
Lair:5:   layout_hall_layers, minmay_slime_entry_pillars, uniq_nessos
Lair:6:   minmay_lair_end_frog_pond, layout_loops_ring,
          nicolae_volcano_entry_hallway, grunt_megastairs_3
Swamp:1:  layout_basic_swamp, infiniplex_staircase_pool, swamp_pool1, uniq_kirke
Swamp:2:  layout_basic_swamp, evilmike_swamp_ruin_house_2
Swamp:3:  layout_falls_marsh, nicolae_swamp_stair_fork,
          nicolae_swamp_catching_bugs
Swamp:4:  swamp_basic_johnstein, layout_basic_swamp
Snake:1:  layout_honeycomb, minmay_shop_star
Snake:2:  layout_onion, serial_shops, shop
Snake:3:  layout_rooms, ebering_ghost_gozag, serial_shops, nicolae_shop_trees,
          minmay_shoptagon
Snake:4:  grunt_snake_rune_pools, layout_onion_interference, serial_shops,
          bzr_entry_water, grunt_megastairs_4
Slime:1:  layout_caves, basic_altar, nicolae_slime_phagocytosis
Slime:2:  layout_caves, cheibrodos_slime_lost_civilization_7
Slime:3:  layout_caves, dissolution_awaits
Slime:4:  layout_caves
Slime:5
Orc:1:    layout_diamond_mine
Orc:2:    pf_orc_diabolical, layout_caves, serial_shops, shop
Elf:1:    layout_geoelf_diagonals, serial_glass, glass_columns_b,
          glass_columns_b, evilmike_minifort, library_closet
Elf:2:    layout_geoelf_grid
Elf:3:    grunt_elf_hall_diamonds, layout_onion_city, serial_shops, shop,
          ebering_dispersal_statue_hall, uniq_louise
Vaults:1: ontoclasm_vaults_twist, nicolae_vaults_little_squares_1,
          nicolae_vaults_windows_and_doors_thing, ontoclasm_vaults_misaligned,
          ontoclasm_vaults_loading_screen, v_alt_pattern_3,
          nicolae_vaults_border_crossing, ontoclasm_vaults_loading_screen,
          vaults_room_grid, nicolae_vaults_little_squares_3,
          nicolae_vaults_yaktaur_gun_rack, layout_vaults_big_room, serial_shops,
          nicolae_shop_waterfront
Vaults:2: hangedman_vaults_stream, nicolae_vaults_alarming,
          ontoclasm_vaults_eye, nicolae_vaults_mini_display_case,
          ontoclasm_vaults_hangar, v_misc_26, vaults_room_corners,
          nicolae_vaults_little_squares_5, special_room_vaults
          [special_room_orc], layout_vaults_omnicross, uniq_margery,
          uniq_asterion
Vaults:3: vaults_mumra_chevron, v_alt_pattern_5, v_pattern_2,
          minmay_crypt_entry_simple_walls, gammafunk_sealed_arena,
          hangedman_vaults_capsules, nicolae_vaults_bisected_inception,
          hangedman_vaults_impose, vaults_room_pools, layout_vaults_omnigrid
Vaults:4: gammafunk_vaults_ghost_necromancy, hangedman_vaults_maws,
          ontoclasm_vaults_spin, vaults_dpeg_hooks, ontoclasm_vaults_fault,
          hangedman_vaults_cutoff, grunt_vaults_hallway_short,
          ontoclasm_vaults_tryst, v_misc_12, ontoclasm_vaults_hangar,
          hangedman_vaults_restitches, vaults_dpeg_ring, v_misc_14,
          vaults_room_corners, layout_vaults_omnibox, serial_shops, shop,
          uniq_bai_suzhen
Vaults:5
Crypt:1:  layout_misc_corridors
Crypt:2:  layout_regular_city, nicolae_crypt_little_mausoleum
Crypt:3:  grunt_crypt_end_deaths_head, uniq_sojobo
Tomb:1
Tomb:2
Tomb:3
Depths:1: layout_cave_shapes, chequers_serial_rivers_micro_c, hell_entry,
          lightli_minifort, serial_bayou_shore_b, grunt_megastairs_2,
          minmay_shop_grove, uniq_mara, uniq_nikola
Depths:2: gammafunk_mikee_crab_dinner, layout_small_grid, enter_ziggurat_f,
          hell_entry, chequers_serial_rivers_marsh, uniq_enchantress
Depths:3: minmay_box_of_statues, layout_honeycomb,
          pf_vacation_house_of_asmodeus, serial_shops, shop, solitary_fountain,
          pan_entry, minmay_starry_boxes, uniq_saint_roka, uniq_boris
Depths:4: minmay_glassy_protrusions, layout_cave_pools, minmay_room_of_horrors,
          elyvilon_altar_5, pf_coc_iceberg, serial_sigils_hangedman_quiver,
          infiniplex_staircase_pillars_3a
Depths:5: grunt_zot_entry_hairpin, layout_gridlike,
          ashenzari_conservatory_becter, nicolae_abyss_entry_one_way_or_another,
          hell_entry, vehumet_altar_wand_db
Pan:      nicolae_pan_double_arrow, layout_gridlike, evilmike_mini_pan_doors,
          layout_small_grid, pan_blood_fountain, grunt_pan_sceptre,
          layout_pan_divisions_b [pan_division_quadrant_b3,
          pan_division_quadrant_b3, pan_division_quadrant_b1,
          pan_division_quadrant_b1], evilmike_mini_pan_corner, layout_gridlike,
          pan_blood_fountain_small, rand_demon_4, layout_pan_divisions_a
          [pan_division_quadrant_a4, pan_division_quadrant_a3,
          pan_division_quadrant_a2, pan_division_quadrant_a2,
          pan_division_octagon_empty], nicolae_pan_sigil_uleosi, rand_demon_3,
          layout_basic, evilmike_mini_pan_V, layout_grid_shapes,
          evilmike_mini_pan_doors, layout_rooms, uniq_mennas_pan,
          pan_captured_pigsty, mnoleg_grunt_wretched_star, layout_grid_shapes,
          gloorx_vloq, layout_rooms, pan_surprise, nicolae_pan_gloorx_vloqian_2,
          nicolae_pan_sick_transit, nicolae_pan_sick_transit

Skill      XL: |  1  2  3  4  5  6  7  8  9 10 11 12 13 14 15 16 17 18 19 20 21 22 23 24 25 26 27 |
---------------+----------------------------------------------------------------------------------+-----
Spellcasting   | 4 5 6 7 8 10 11 12 13 14 15 16 17 18 19 20 21 26 | 26.5
Evocations     | 1 3 5 7 8 9 10 11 12 | 12.0
Fighting       | 1 3 5 7 8 9 10 11 12 13 14 15 16 17 18 21 | 21.8
Armour         | 1 3 4 6 8 |  8.0
Shields        | 1 3 5 7 8 10 11 12 13 14 15 17 | 17.4
Dodging        | 3 5 6 8 9 10 11 12 13 14 15 16 17 18 19 21 | 21.7
Stealth        | |  1.5

Action                   |  1- 3 |  4- 6 |  7- 9 | 10-12 | 13-15 | 16-18 | 19-21 | 22-24 | 25-27 || total
-------------------------+-------+-------+-------+-------+-------+-------+-------+-------+-------++-------
Melee: Dagger            |     3 |     2 |       |       |       |       |       |       |       ||     5
       Staff             |       |       |     1 |     3 |     6 |     9 |     4 |     3 |    27 ||    53
 Cast: Magic Dart        |    17 |       |       |       |       |       |       |       |       ||    17
       Searing Ray       |    22 |    38 |    53 |    58 |    47 |     1 |       |       |       ||   219
       Static Discharge  |       |     2 |       |       |     1 |       |       |       |       ||     3
       Fulminant Prism   |       |       |    10 |    41 |    66 |    35 |    14 |     1 |       ||   167
       Iskenderun's Myst |       |       |     2 |    69 |   147 |   243 |   140 |    53 |     2 ||   656
       Dazzling Flash    |       |       |       |     1 |       |       |       |       |       ||     1
       Irradiate         |       |       |       |     4 |     5 |     2 |     2 |       |       ||    13
       Agony             |       |       |       |       |     1 |       |       |       |       ||     1
       Iron Shot         |       |       |       |       |     7 |   171 |   286 |    53 |    37 ||   554
       Summon Hydra      |       |       |       |       |       |     2 |     4 |       |       ||     6
       Shadow Creatures  |       |       |       |       |       |       |     3 |       |       ||     3
       Chain Lightning   |       |       |       |       |       |       |    59 |   223 |   216 ||   498
       Necromutation     |       |       |       |       |       |       |       |    15 |    54 ||    69
       Shatter           |       |       |       |       |       |       |       |       |   359 ||   359
       Tornado           |       |       |       |       |       |       |       |       |    21 ||    21
       Summon Small Mamm |       |       |       |       |       |       |       |       |     1 ||     1
 Abil: End Transformatio |       |       |       |       |       |       |       |       |     1 ||     1
Evoke: Wand              |       |       |       |     1 |       |     2 |     3 |     3 |     3 ||    12
       Phantom mirror    |       |       |       |       |       |       |       |       |     1 ||     1
  Use: Scroll            |       |     3 |     5 |     3 |     2 |    16 |     4 |     3 |    10 ||    46
       Potion            |       |       |       |       |     2 |       |       |       |     3 ||     5
Armor: Robe              |     1 |     1 |    10 |    14 |       |       |    55 |    85 |   159 ||   325
       Troll leather arm |       |       |       |    10 |    10 |    14 |       |    63 |   183 ||   280
       Skin              |       |       |       |       |       |    14 |    15 |       |       ||    29
Dodge: Dodged            |    13 |    11 |    23 |    47 |    38 |   180 |   157 |    43 |   288 ||   800
Block: Kite shield       |       |       |       |    17 |    28 |   109 |    97 |    35 |       ||   286
       Reflection        |       |       |       |       |       |       |       |    12 |     3 ||    15
       Buckler           |       |       |       |       |       |       |       |     8 |   192 ||   200
       Tower shield      |       |       |       |       |       |       |       |       |   116 ||   116

Table legend: (Time is in decaauts)
 A = Elapsed time spent in this place.
 B = Non-inter-level travel time spent in this place.
 C = Inter-level travel time spent in this place.
 D = Time resting spent in this place.
 E = Time spent auto-exploring this place.
 F = Levels seen in this place.
 G = Mean time per level.
                   A        B        C        D        E       F      G
               +--------+--------+--------+--------+--------+-----+--------+
         Total |  43537 |  39254 |   4283 |   7750 |  21949 |  73 |  596.4 |
       Dungeon |  14961 |  13654 |   1307 |   4517 |   7385 |  15 |  997.4 |
        Temple |     35 |     24 |     11 |      0 |     17 |   1 |   35.0 |
          Lair |   5257 |   4316 |    941 |      0 |   3338 |   6 |  876.2 |
         Swamp |   3068 |   2860 |    208 |    612 |   1524 |   4 |  767.0 |
     Snake Pit |   5540 |   5128 |    412 |   1618 |   2569 |   4 | 1385.0 |
    Slime Pits |   1321 |   1227 |     94 |    604 |    154 |   5 |  264.2 |
  Orcish Mines |   2015 |   1602 |    413 |     20 |   1050 |   2 | 1007.5 |
   Elven Halls |   2710 |   2538 |    172 |    238 |   1880 |   3 |  903.3 |
        Vaults |   3686 |   3251 |    435 |    123 |   2384 |   5 |  737.2 |
         Crypt |    706 |    578 |    128 |      0 |     85 |   3 |  235.3 |
          Tomb |    873 |    812 |     61 |      0 |    336 |   3 |  291.0 |
        Depths |   1722 |   1625 |     97 |      0 |   1013 |   5 |  344.4 |
         Abyss |    682 |    682 |      0 |      0 |     39 |   5 |  136.4 |
   Pandemonium |    735 |    735 |      0 |     18 |     26 |  10 |   73.5 |
        Bazaar |     49 |     49 |      0 |      0 |     44 |   1 |   49.0 |
       Volcano |    171 |    171 |      0 |      0 |    103 |   1 |  171.0 |
               +--------+--------+--------+--------+--------+-----+--------+

Top non-repeatable levels by time:
 Snake:4: 1977 daAuts
 Snake:2: 1672 daAuts
     D:8: 1653 daAuts
     D:1: 1497 daAuts
Vaults:3: 1375 daAuts
   Elf:3: 1374 daAuts
   Orc:2: 1308 daAuts
Vaults:5: 1298 daAuts
    D:12: 1274 daAuts
    D:14: 1267 daAuts
     D:9: 1213 daAuts
     D:6: 1206 daAuts
  Lair:3: 1198 daAuts
     D:5: 1112 daAuts
  Lair:1: 1111 daAuts
